 Dungeon Crawl Stone Soup version 0.23.1-42-g8abd8fc (webtiles) character file.

Game seed: 1080700566555691691

7939 VLARC the Fighter (level 11, 0/60 HPs)
             Began as a Vine Stalker Monk on Feb 17, 2019.
             Was a High Priest of Yredelemnul.
             Killed from afar by a gargoyle (12 damage)
             ... with a stone arrow
             ... on level 10 of the Dungeon on Mar 30, 2019.
             The game lasted 00:31:19 (9058 turns).

VLARC the Fighter (Vine Stalker Monk)               Turns: 9058, Time: 00:31:21

Health: 0/60       AC:  9    Str: 16    XL:     11   Next: 23%
Magic:  0/18       EV: 10    Int: 11    God:    Yredelemnul [*****.]
Gold:   826        SH:  6    Dex: 17    Spells: 10/10 levels left

rFire    + . .     SeeInvis .   a - +1 falchion (freeze)
rCold    . . .     Gourm    .   s - +1 buckler
rNeg     . . .     Faith    .   u - +2 scale mail {rF+}
rPois    .         Spirit   +   (no helmet)
rElec    .         Reflect  .   p - +0 cloak
rCorr    .         Harm     .   (no gloves)
MR       ++...                  (no boots)
Stlth    +.........             j - amulet of regeneration
HPRegen  1.00/turn              q - ring of protection from magic
MPRegen  0.16/turn              (no ring)

@: no status effects
A: fangs 3, regeneration 1, magic shield, antimagic bite, no potion heal 3, rot
immunity
a: Recall Undead Slaves, Injury Mirror, Animate Dead, Drain Life, Enslave Soul,
Renounce Religion


You were on level 10 of the Dungeon.
You worshipped Yredelemnul.
Yredelemnul was extremely pleased with you.
You were very hungry.

You visited 1 branch of the dungeon, and saw 10 of its levels.
You also visited: Ossuary.

You collected 826 gold pieces.

Inventory:

Hand Weapons
 a - a +1 falchion of freezing (weapon)
 H - a +0 shortbow of flaming
Missiles
 F - 170 arrows
Armour
 g - a +0 shield
 p - a +0 cloak (worn)
 s - a +1 buckler (worn)
 u - a +2 scale mail of fire resistance (worn)
Jewellery
 d - an uncursed ring of fire
 j - an amulet of regeneration (around neck)
 q - a ring of protection from magic (left hand)
Wands
 b - a wand of polymorph (5)
 h - a wand of iceblast (26)
 A - a wand of flame (21)
 C - a wand of paralysis (4)
 E - a wand of random effects (24)
Scrolls
 c - 10 scrolls of remove curse
 i - 3 scrolls of teleportation
 t - 6 scrolls of identify
 v - 2 scrolls of magic mapping
 w - a scroll of amnesia
 y - 2 scrolls of fog
 B - a scroll of torment
Potions
 e - a potion of mutation
 k - 2 potions of berserk rage {unknown}
 l - a potion of agility {unknown}
 m - a potion of lignification {unknown}
 n - 4 potions of curing
 o - 2 potions of cancellation {unknown}
 r - a potion of might {unknown}
 x - 2 potions of brilliance {unknown}
 z - a potion of haste
 G - a potion of flight
Comestibles
 f - 17 rations


   Skills:
 + Level 8.9 Fighting
 + Level 8.9 Long Blades
 + Level 5.2 Bows
 - Level 2.4 Dodging
 - Level 2.4 Stealth
 - Level 4.0 Shields
 + Level 8.2 Invocations


You had 10 spell levels left.
You didn't know any spells.
Your spell library was empty.

Dungeon Overview and Level Annotations

Branches:
Dungeon (10/15)            Temple (0/1) D:6            Lair (0/6) D:8
    Orc: D:9-12

Altars:
Ashenzari
Gozag
Kikubaaqudgha
Nemelex Xobeh
Qazlal
Sif Muna
Trog
Uskayaw
Vehumet
Yredelemnul
Zin

Shops:
D:8 (

Annotations:
D:3 1 runed translucent door, Dustman's ghost, amateur HuGl
D:4 1 runed translucent door, marthius's ghost, amateur HOFi
D:5 1 runed translucent door, Borgoz's ghost, novice KoAs
D:6 2 transporters, Lanoc's ghost, novice DsMo
D:7 2 transporters, Gorice's ghost, novice DsMo


Innate Abilities, Weirdness & Mutations

You have razor-sharp teeth.
Your natural rate of healing is unusually fast.
When hurt, damage is shared between your health and your magic reserves.
Your bite disrupts and absorbs the magic of your enemies.
Potions cannot restore your health.
You are immune to rotting.


Message History

The gargoyle is almost destroyed.
Your iguana zombie barely misses the gargoyle.
The gargoyle hits you but does no damage.
You hit the gargoyle but do no damage.
The gargoyle is almost destroyed.
Your iguana zombie bites the gargoyle but does no damage.
You hit the gargoyle but do no damage.
You bite the gargoyle, but do no damage.
The gargoyle is almost destroyed.
The gargoyle hurls a stone arrow at you.
The stone arrow hits you!
* * * LOW HITPOINT WARNING * * *
Your scale mail prevents you from hitting the gargoyle.
You bite the gargoyle, but do no damage.
The gargoyle is almost destroyed.
Your iguana zombie barely misses the gargoyle.
The gargoyle hurls a stone arrow at you.
The stone arrow hits you!
You die...
Your body rises from the dead as a mindless zombie.

#.# #### #.##### #.# #.# ##'## #
#.# ##...## .# #.# ##.....## ###
.# #.#### ##.......## ##.##.####
#.##.##
##Z.......Z####........####.#...#
ZZ.......ZZZZMZ..................
##.........####9@.#.##.####.#...#
##.......## ##.## # #.##.##
##.....## #... #.#### ##...##
#..## #...# ##+## #... ###.#
##.## #.# .# ##.## .# #...##
#.....


You could see a gargoyle, a friendly mummy, a friendly iguana zombie, a friendly
yak zombie, a friendly soldier ant zombie, a friendly orc zombie, the friendly
Erolcha the ogre zombie and a friendly orc wizard skeleton.

Vanquished Creatures
  Erolcha (D:10)
  A hippogriff (D:8)
  A yak (D:10)
  Eustachio (D:4)
  Menkaure (D:4)
  A soldier ant (D:10)
  3 water moccasins
  3 orc warriors
  2 ice beasts (D:10)
  5 sky beasts
  An eye of draining (D:10)
  A wolf (D:8)
  A necrophage (D:8)
  4 ogres
  7 centaurs
  A crocodile (D:7)
  2 gnoll sergeants (D:9)
  4 bullfrogs
  4 scorpions
  A water moccasin zombie (D:6)
  3 killer bees (D:8)
  6 howler monkeys
  4 crimson imps
  A centaur zombie (D:9)
  A hound (D:4)
  6 jellies
  9 orc wizards
  3 orc priests
  3 bullfrog skeletons
  Jessica (D:3)
  6 iguanas
  2 worker ants (D:6)
  A hound zombie (D:10)
  A hound skeleton (D:4)
  8 mummies (Ossuary)
  A howler monkey skeleton (D:4)
  5 adders
  5 gnolls (D:9)
  2 shadow imps
  2 adder skeletons
  2 worms
  A dart slug (D:1)
  5 leopard geckos
  29 orcs
  5 ball pythons
  8 bats
  4 giant cockroaches
  9 hobgoblins
  A quokka (D:9)
  7 frilled lizards
  A giant cockroach zombie (D:6)
  A gnoll zombie (Ossuary)
  2 goblins (D:1)
  A hobgoblin zombie (Ossuary)
  8 kobolds
  4 kobold zombies (Ossuary)
  2 orc zombies (Ossuary)
  9 rats
214 creatures vanquished.

Vanquished Creatures (collateral kills)
  Fannar (D:10)
  A two-headed ogre (D:7)
  Psyche (D:10)
  A troll (D:8)
  3 yaks (D:10)
  Grum (D:8)
  Edmund (D:5)
  A sky beast (D:8)
  An ice beast (D:8)
  An ogre (D:10)
  A wolf (D:8)
  A centaur (D:10)
  A water moccasin zombie (D:7)
  A killer bee (D:8)
  A howler monkey (D:7)
  A crimson imp (D:8)
  An orc priest (D:5)
  An iguana (D:8)
  A worker ant (D:8)
  A hound skeleton (D:9)
  2 gnolls (D:9)
  3 orcs
  A ball python (D:4)
  A leopard gecko skeleton (D:4)
29 creatures vanquished.

Vanquished Creatures (others)
  A wraith (D:10)
  2 yak zombies (D:10)
  A wight (D:10)
  A centaur skeleton (D:10)
  2 ogre zombies
  A crocodile zombie (D:7)
  2 howler monkey zombies
  A mummy (D:7)
  A gnoll (D:9)
  A howler monkey skeleton (D:4)
  A scorpion zombie (D:4)
  An adder zombie (D:10)
  An orc skeleton (D:7)
  A ball python skeleton (D:4)
  2 frilled lizard skeletons
  A leopard gecko zombie (D:4)
  8 orc zombies
28 creatures vanquished.

Grand Total: 271 creatures vanquished

Notes
Turn   | Place    | Note
-------+----------+-------------------------------------------
     0 | D:1      | VLARC the Vine Stalker Monk began the quest for the Orb.
     0 | D:1      | Reached XP level 1. HP: 11/11 MP: 2/2
    46 | D:1      | Reached XP level 2. HP: 16/16 MP: 3/3
   371 | D:1      | Reached XP level 3. HP: 15/20 MP: 4/4
  1433 | D:2      | Gained mutation: Your natural rate of healing is unusually
                  | fast. [Vine Stalker growth]
  1433 | D:2      | Reached XP level 4. HP: 25/25 MP: 5/5
  1575 | D:3      | Found a radiant altar of Vehumet.
  1864 | D:3      | Found a runed translucent door.
  1864 | D:3      | Noticed Dustman's ghost (amateur HuGl)
  2382 | D:3      | Reached XP level 5. HP: 29/29 MP: 6/6
  2393 | D:3      | Noticed Jessica
  2402 | D:3      | Found a deep blue altar of Sif Muna.
  2412 | D:3      | Killed Jessica
  2538 | D:4      | Found a glowing silver altar of Zin.
  2567 | D:4      | Found a basalt altar of Yredelemnul.
  2579 | D:4      | Became a worshipper of Yredelemnul the Dark
  2579 | D:4      | Reached * piety under Yredelemnul
  2579 | D:4      | Reached ** piety under Yredelemnul
  2616 | D:4      | Found a sand-covered staircase.
  2630 | Ossuary  | Entered an ossuary
  2726 | Ossuary  | Reached XP level 6. HP: 7/34 MP: 3/7
  2894 | Ossuary  | Reached skill level 1 in Shields
  2894 | Ossuary  | Reached skill level 1 in Invocations
  3105 | D:4      | Noticed Menkaure
  3246 | D:4      | Reached XP level 7. HP: 30/38 MP: 9/9
  3326 | D:4      | Reached skill level 5 in Fighting
  3422 | D:4      | Reached skill level 5 in Long Blades
  3435 | D:4      | Noticed Eustachio
  3457 | D:4      | Killed Eustachio
  3633 | D:4      | Found a runed translucent door.
  3633 | D:4      | Noticed marthius's ghost (amateur HOFi)
  3727 | D:4      | Killed Menkaure
  3727 | D:4      | Gained mutation: You have razor-sharp teeth. [Vine Stalker
                  | growth]
  3727 | D:4      | Reached XP level 8. HP: 26/44 MP: 6/11
  3905 | D:5      | Entered Level 5 of the Dungeon
  4034 | D:5      | Noticed Edmund
  4051 | D:5      | Killed Edmund
  4092 | D:5      | Reached *** piety under Yredelemnul
  4466 | D:5      | Found a sparkling altar of Nemelex Xobeh.
  4467 | D:5      | Found a shattered altar of Ashenzari.
  4467 | D:5      | Found a stormy altar of Qazlal.
  4468 | D:5      | Found a hide-covered altar of Uskayaw.
  4567 | D:5      | Found a runed translucent door.
  4570 | D:5      | Noticed Borgoz's ghost (novice KoAs)
  4710 | D:6      | Found a transporter.
  4712 | D:6      | Noticed Lanoc's ghost (novice DsMo)
  4840 | D:6      | Found a transporter.
  5034 | D:6      | Found a staircase to the Ecumenical Temple.
  5072 | D:6      | Received a gift from Yredelemnul (a mummy)
  5227 | D:6      | Reached XP level 9. HP: 46/49 MP: 11/13
  5307 | D:7      | Noticed a cyclops
  5308 | D:7      | Noticed a moth of wrath
  5370 | D:7      | Reached skill level 5 in Invocations
  5412 | D:7      | Noticed a two-headed ogre
  5421 | D:7      | Found a bloodstained altar of Trog.
  5432 | D:7      | Noticed Gorice's ghost (novice DsMo)
  5471 | D:7      | HP: 2/49 [orc priest/divine providence (9)]
  5476 | D:6      | HP: 2/49 [orc warrior/+0 hand axe (4)]
  5525 | D:6      | Upgraded the game from 0.23.0 to 0.23.1-38-g628c18f
  5581 | D:6      | Upgraded the game from 0.23.1-38-g628c18f to
                  | 0.23.1-42-g8abd8fc
  5638 | D:7      | Found a transporter.
  5640 | D:7      | Found a transporter.
  5727 | D:7      | Received a gift from Yredelemnul (a mummy)
  5873 | D:7      | Identified the +1 great mace of Rovel {drain, MP+9}
  6034 | D:8      | Found Loyreosym's Weapon Boutique.
  6123 | D:8      | Noticed a two-headed ogre
  6184 | D:7      | HP: 1/50 [two-headed ogre/cursed -2 giant club (17)]
  6187 | D:7      | Killed a two-headed ogre
  6187 | D:7      | Reached skill level 1 in Bows
  6472 | D:8      | Reached XP level 10. HP: 53/55 MP: 15/15
  6865 | D:8      | Reached **** piety under Yredelemnul
  7064 | D:8      | HP: 2/56 [poisoned by a killer bee]
  7069 | D:8      | HP: 2/56 [poisoned by a killer bee]
  7184 | D:8      | Found a staircase to the Lair.
  7477 | D:9      | Noticed Grum
  7527 | D:8      | Killed Grum
  7809 | D:9      | Found an ancient bone altar of Kikubaaqudgha.
  7861 | D:9      | Found an opulent altar of Gozag.
  7871 | D:9      | Received a gift from Yredelemnul (a mummy)
  8004 | D:10     | Entered Level 10 of the Dungeon
  8142 | D:10     | Received a gift from Yredelemnul (a wraith)
  8669 | D:10     | Reached XP level 11. HP: 51/60 MP: 17/17
  8695 | D:10     | Reached ***** piety under Yredelemnul
  8700 | D:10     | Noticed Psyche
  8705 | D:10     | Killed Psyche
  8722 | D:10     | Received a gift from Yredelemnul (a wight)
  8768 | D:10     | Noticed Erolcha
  8792 | D:10     | Killed Erolcha
  8792 | D:10     | Reached skill level 5 in Bows
  8808 | D:10     | Noticed Fannar
  8839 | D:10     | Killed Fannar
  9058 | D:10     | Killed from afar by a gargoyle

Skill      XL: |  1  2  3  4  5  6  7  8  9 10 11 |
---------------+----------------------------------+-----
Fighting       | 3 4 5 6 7 8 |  8.9
Long Blades    | 3 4 5 6 7 8 |  8.9
Shields        | 1 2 4 |  4.0
Invocations    | 1 3 4 6 7 8 |  8.2
Bows           | 2 4 5 |  5.2
Dodging        | |  2.4
Stealth        | |  2.4

Action                   |  1- 3 |  4- 6 |  7- 9 | 10-12 || total
-------------------------+-------+-------+-------+-------++-------
Melee: Falchion          |    82 |   178 |   331 |   411 ||  1002
       Bite              |    20 |    71 |   144 |   151 ||   386
Invok: Animate Remains   |       |     2 |     8 |       ||    10
       Animate Dead      |       |       |     8 |    19 ||    27
       Recall Undead Sla |       |       |     1 |       ||     1
       Drain Life        |       |       |       |     2 ||     2
Evoke: Wand              |       |       |     2 |       ||     2
  Use: Potion            |     1 |     4 |     1 |       ||     6
       Scroll            |       |     7 |       |    10 ||    17
 Stab: Sleeping          |     8 |     2 |       |       ||    10
       Invisible         |       |     3 |     6 |       ||     9
       Distracted        |       |       |     2 |     3 ||     5
  Eat: Chunk             |     2 |     5 |    13 |    15 ||    35
       Ration            |       |       |     1 |       ||     1
Armor: Robe              |    10 |     1 |       |       ||    11
       Chain mail        |       |    69 |    27 |       ||    96
       Scale mail        |       |       |    67 |   131 ||   198
Dodge: Dodged            |    47 |    55 |   110 |   166 ||   378
Block: Buckler           |       |    27 |    82 |   126 ||   235
       Rpst.: Falchion   |    21 |    14 |    32 |    43 ||   110
